[Event "Irish Championship 2026"]
[Site "Talbot Hotel Stillorgan, Co.Dublin, IE"]
[Date "2026.08.06"]
[Round "6"]
[White "Joe Ryan"]
[Black "Hushpit, Lukian"]
[Result "1-0"]
[Board "65"]
[TimeControl "40/5400+30:1800+30"]
[BlackFideId "14189208"]
[WhiteElo "2159"]
[BlackElo "2088"]
[WhiteClock "0:15:00"]
[BlackClock "0:01:32"]
[Variant "Standard"]
[EndDate "2026.08.06"]
[EndTime "19:26:13"]

1. e4 e5 2. Nf3 Nc6 3. Bb5 a6 4. Ba4 Nf6 5. O-O Be7 6. Re1 b5 7. Bb3 d6 8. c3 O-O 9. h3 h6 10. d4 Re8 11. Nbd2 Bf8 12. Nf1 Bb7 13. Ng3 Na5 14. Bc2 c5 15. d5 Nc4 16. b3 Nb6 17. Be3 g6 18. a4 bxa4 19. bxa4 Rb8 20. Bd3 Bg7 21. c4 Qc7 22. Rb1 Nbd7 23. Re2 a5 24. Reb2 Ba6 25. Rxb8 Rxb8 26. Rxb8+ Qxb8 27. Bd2 Qb6 28. Bc3 Nb8 29. Nd2 Bc8 30. Qb1 Qc7 31. Qb5 Bd7 32. Bxa5 Qa7 33. Qb6 Qxb6 34. Bxb6 Na6 35. Bc2 Kf8 36. Ne2 Ke7 37. Nc3 h5 38. Kf1 Bh6 39. Ke2 Ne8 40. Nb5 f5 41. f3 Nb4 42. Bb1 f4 43. a5 g5 44. Bd3 g4 45. hxg4 hxg4 46. fxg4 Bxg4+ 47. Nf3 Bg5 48. Kd2 Bf6 49. Be2 Bc8 50. Nh2 Bg5 51. Bf3 Na6 52. Kc3 Nf6 53. Na7 Bb7 54. Ng4 Ne8 55. Nf2 Bh4 56. Nd3 Nf6 57. Kb3 Kd7 58. Ka4 Bg3 59. Kb5 Nb8 60. Ka4 Na6 61. Nb5 Bh4 62. Nc3 Bg3 63. Ne2 Bh4 64. Ng1 Nb8 65. Nh3 Ba6 66. Kb3 Kc8 67. Nxc5 dxc5 68. Bxc5 Nbd7 69. Bb4 Kc7 70. Kc3 Be1+ 71. Kb3 Bh4 72. c5 Bb5 73. c6 Nb8 74. Be7 Na6 75. Ng1 Bg5 76. Nh3 Bh4 77. Ng1 Bg5 78. Ne2 Nh7 79. Ba3 Bf6 80. Nc3 Bf1 81. Ka4 Ng5 82. Nb5+ Kd8 83. d6 Nxf3 84. gxf3 Be2 85. Nc3 Bxf3 86. Kb5 Nb8 87. a6 Nxa6 88. Kxa6 Bg4 89. Bc5 Bh4 90. Bb6+ Kc8 91. Nb5 Kb8 92. d7 Bxd7 93. cxd7 f3 94. Nd6 Bd8 95. Bxd8 f2 96. Kb6 f1=Q 97. Bc7+ Ka8 98. d8=Q# 1-0

[Event "Irish Championship 2026"]
[Site "Talbot Hotel Stillorgan, Co.Dublin, IE"]
[Date "2026.08.06"]
[Round "6"]
[White "Oisin O'Cuilleanain"]
[Black "Andrey A. Ivanov"]
[Result "0-1"]
[Board "66"]
[TimeControl "40/5400+30:1800+30"]
[WhiteElo "2128"]
[BlackElo "2085"]
[WhiteClock "0:04:48"]
[BlackClock "0:03:51"]
[Variant "Standard"]
[EndDate "2026.08.06"]
[EndTime "17:45:06"]

1. e4 e6 2. d3 d5 3. Qe2 Be7 4. Nf3 Nf6 5. g3 a5 6. a4 O-O 7. Bg2 h6 8. O-O Bd7 9. Rd1 c5 10. Ne5 Nc6 11. Nxd7 Qxd7 12. c3 Rfd8 13. Re1 dxe4 14. dxe4 Ne5 15. Be3 Nd3 16. Rf1 Ra6 17. Na3 Qxa4 18. Rfd1 Rad6 19. b3 Qd7 20. Kf1 b5 21. c4 Qc8 22. Nxb5 R6d7 23. Rd2 Nb4 24. e5 Ng4 25. Qxg4 Rxd2 26. Bxh6 g6 27. Be4 Bf8 28. Bxd2 Rxd2 29. Rxa5 Nc6 30. Ra1 Bg7 31. Nd6 Rxd6 32. exd6 Bxa1 33. Qd1 Bd4 34. b4 Nxb4 35. Qa4 Qd8 36. d7 Kf8 37. Bb7 Ke7 38. Bc8 Qc7 39. Qd1 Nc6 40. Qg4 Nb8 41. d8=Q+ Kxd8 42. Bxe6 fxe6 43. Qxe6 Qc6 44. Qg8+ Kc7 45. Qf7+ Nd7 46. h4 Qh1+ 47. Ke2 Qe4+ 48. Kf1 Qf5 49. Ke2 0-1

[Event "Irish Championship 2026"]
[Site "Talbot Hotel Stillorgan, Co.Dublin, IE"]
[Date "2026.08.06"]
[Round "6"]
[White "Harding, Tim D"]
[Black "Daly, Colm"]
[Result "0-1"]
[Board "67"]
[TimeControl "40/5400+30:1800+30"]
[WhiteFideId "2500256"]
[BlackFideId "2500434"]
[WhiteElo "2004"]
[BlackElo "2182"]
[WhiteTitle "CM"]
[BlackTitle "FM"]
[WhiteClock "0:12:08"]
[BlackClock "0:30:05"]
[Variant "Standard"]
[EndDate "2026.08.06"]
[EndTime "17:03:57"]

1. c4 g6 2. Nc3 Bg7 3. d4 d6 4. e4 Nf6 5. Nf3 Bg4 6. Be2 a5 7. Be3 Nc6 8. e5 dxe5 9. Nxe5 Bxe2 10. Nxc6 Bxd1 11. Nxd8 Rxd8 12. Rxd1 Ng4 13. Ke2 O-O 14. h3 Nh6 15. Rd3 e6 16. Rhd1 Nf5 17. b3 Rfe8 18. Ne4 b6 19. g4 Nxe3 20. fxe3 f5 21. Ng5 h6 22. Nf3 Kf7 23. Rg1 Bf6 24. Rdd1 Rg8 25. g5 hxg5 26. Nxg5+ Bxg5 27. Rxg5 Rh8 28. Rdg1 Rdg8 29. R5g3 Rh4 30. Kf3 Kf6 31. Kg2 Re4 32. Rf1 Rd8 33. Rf2 g5 34. Kf3 Rh8 35. Rfg2 Rh5 36. Rd2 Reh4 37. d5 Rxh3 38. dxe6 g4+ 39. Kf4 Rxg3 40. Kxg3 Rh3+ 0-1

[Event "Irish Championship 2026"]
[Site "Talbot Hotel Stillorgan, Co.Dublin, IE"]
[Date "2026.08.06"]
[Round "6"]
[White "Murray, Benjamin"]
[Black "Jason Liu"]
[Result "1/2-1/2"]
[Board "68"]
[TimeControl "40/5400+30:1800+30"]
[WhiteFideId "2512963"]
[WhiteElo "2080"]
[BlackElo "2161"]
[WhiteClock "0:07:34"]
[BlackClock "0:03:03"]
[Variant "Standard"]
[EndDate "2026.08.06"]
[EndTime "19:22:56"]

1. e4 e6 2. d4 d5 3. e5 c5 4. c3 Nc6 5. Nf3 Qb6 6. a3 Nh6 7. Bd3 cxd4 8. O-O Nf5 9. b4 a6 10. Bxf5 exf5 11. cxd4 Be6 12. Nc3 Be7 13. Be3 O-O 14. Rc1 Rac8 15. Na4 Qa7 16. Qd3 h6 17. h4 b6 18. Rc3 Qb7 19. Rfc1 Bd7 20. Nb2 Na7 21. Qd2 Rxc3 22. Rxc3 Rc8 23. Rxc8+ Qxc8 24. a4 Nc6 25. Nd3 Qf8 26. b5 axb5 27. axb5 Na5 28. Nf4 Be6 29. h5 Qe8 30. Qd3 Nc4 31. Qb3 Qd7 32. Bc1 Qa7 33. Bb2 Qa5 34. Kh2 Nd2 35. Qd3 Nxf3+ 36. gxf3 Qa4 37. Kg2 Qb4 38. Qe2 Qb3 39. Nxe6 fxe6 40. Bc1 Qb1 41. Be3 Kh7 42. Qf1 Qb3 43. Qe2 Kg8 44. Kh2 Kf7 45. Kg2 Qb4 46. Qd3 Qb2 47. Kg1 Kf8 48. Kg2 Bh4 49. f4 Be7 50. Kg1 Kf7 51. Kg2 Qb4 52. Kg1 Kf8 53. Kg2 Qa4 54. Kg1 Qa1+ 55. Kg2 Qa4 56. Kg1 Qa8 57. Qe2 Qe8 58. Kf1 g6 59. hxg6 Qxg6 60. Qf3 Kf7 61. Qh3 h5 62. Qg2 Qh6 63. Qh3 Qh8 64. Kg2 Qg8+ 65. Kh2 Qh8 66. f3 Kg6 67. Bf2 Qd8 68. Kg2 Kh6 69. Kh2 Kg6 70. Kg2 Qc8 71. Bh4 Qc2+ 72. Kg1 Qd1+ 73. Kg2 Qe2+ 74. Kg1 Qd1+ 75. Kg2 Qd2+ 76. Kf1 Qb4 77. Qg3+ Kh7 78. Bxe7 Qxe7 79. Kg2 Qd8 80. Qg5 Qxg5+ 81. fxg5 f4 82. Kh3 Kg7 83. Kg2 Kg6 84. Kh3 Kxg5 85. Kg2 h4 86. Kh2 h3 87. Kxh3 Kh5 88. Kg2 1/2-1/2

[Event "Irish Championship 2026"]
[Site "Talbot Hotel Stillorgan, Co.Dublin, IE"]
[Date "2026.08.06"]
[Round "6"]
[White "Barnes, Oliver"]
[Black "Hughes, Padraig"]
[Result "1-0"]
[Board "69"]
[TimeControl "40/5400+30:1800+30"]
[WhiteFideId "2517604"]
[BlackFideId "2505690"]
[WhiteElo "2107"]
[BlackElo "2022"]
[WhiteClock "0:02:20"]
[BlackClock "0:00:37"]
[Variant "Standard"]
[EndDate "2026.08.06"]
[EndTime "17:48:13"]

1. Nf3 Nf6 2. c4 g6 3. g3 Bg7 4. Bg2 O-O 5. O-O d6 6. Nc3 c6 7. d3 e5 8. Rb1 a5 9. a3 Re8 10. b4 axb4 11. axb4 d5 12. Nd2 Na6 13. Qc2 Qe7 14. b5 Nc7 15. b6 Na6 16. cxd5 Nb4 17. Qb3 Nbxd5 18. Nxd5 Nxd5 19. Bxd5 cxd5 20. Qxd5 Be6 21. Qb5 Rec8 22. Nc4 e4 23. Bf4 exd3 24. exd3 Rd8 25. Ne3 Ra3 26. Rfd1 Bd7 27. Qb4 Qxb4 28. Rxb4 Bc6 29. d4 Bf3 30. Rc1 Rd3 31. d5 Bd4 32. d6 f6 33. h4 Bxe3 34. fxe3 Rd2 35. Rbc4 Bc6 36. Rd4 Rg2+ 37. Kf1 Rb2 38. Rxc6 bxc6 39. d7 Kf7 40. Bc7 c5 1-0

[Event "Irish Championship 2026"]
[Site "Talbot Hotel Stillorgan, Co.Dublin, IE"]
[Date "2026.08.06"]
[Round "6"]
[White "Bartczak, Korneliusz"]
[Black "Paibir, Atharva"]
[Result "1/2-1/2"]
[Board "70"]
[TimeControl "40/5400+30:1800+30"]
[WhiteFideId "2523558"]
[BlackFideId "2512882"]
[WhiteElo "2062"]
[BlackElo "2067"]
[WhiteClock "0:20:05"]
[BlackClock "0:25:22"]
[Variant "Standard"]
[EndDate "2026.08.06"]
[EndTime "16:49:38"]

1. e4 c5 2. Nf3 e6 3. c3 d5 4. exd5 exd5 5. d4 Nf6 6. Bb5+ Bd7 7. Bxd7+ Nbxd7 8. O-O Be7 9. dxc5 Nxc5 10. Be3 O-O 11. Nbd2 Re8 12. Qc2 Qc7 13. h3 Rad8 14. Rfe1 a6 15. Bd4 Nfe4 16. Bxc5 Nxc5 17. Nd4 Bf6 18. N4b3 g6 19. Nxc5 Qxc5 20. Qd3 Rxe1+ 21. Rxe1 b5 22. a3 Kg7 23. Rd1 h5 1/2-1/2

[Event "Irish Championship 2026"]
[Site "Talbot Hotel Stillorgan, Co.Dublin, IE"]
[Date "2026.08.06"]
[Round "6"]
[White "Woods, Yannick"]
[Black "Andhurthi, Sreeyan"]
[Result "1-0"]
[Board "71"]
[TimeControl "40/5400+30:1800+30"]
[WhiteFideId "2518384"]
[BlackFideId "2523531"]
[WhiteElo "2118"]
[BlackElo "1950"]
[WhiteClock "0:40:17"]
[BlackClock "0:25:37"]
[Variant "Standard"]
[EndDate "2026.08.06"]
[EndTime "16:33:44"]

1. e4 c5 2. Nf3 Nc6 3. d4 cxd4 4. Nxd4 g6 5. c4 Nf6 6. Nc3 d6 7. Be2 Nxd4 8. Qxd4 Bg7 9. Be3 O-O 10. Qd3 a5 11. O-O a4 12. Bd4 Nd7 13. Bxg7 Kxg7 14. Qd4+ Kg8 15. b4 Qb6 16. Rfd1 Qxd4 17. Rxd4 Ne5 18. a3 Be6 19. f4 Nc6 20. Rd2 f5 21. exf5 Rxf5 22. g3 Kg7 23. Re1 Rf7 24. Bf1 Bf5 25. Bg2 Rc8 26. Bd5 e6 27. Rxe6 Bxe6 28. Bxe6 Re8 29. Bxf7 Kxf7 30. Kf2 Rd8 31. Rd3 Ke6 32. Nxa4 Rf8 33. Kg2 1-0

[Event "Irish Championship 2026"]
[Site "Talbot Hotel Stillorgan, Co.Dublin, IE"]
[Date "2026.08.06"]
[Round "6"]
[White "Hayes, Peter J."]
[Black "Mulukutla, Ayaansh"]
[Result "1-0"]
[Board "72"]
[TimeControl "40/5400+30:1800+30"]
[WhiteFideId "2502569"]
[BlackFideId "33391998"]
[WhiteElo "2073"]
[BlackElo "1839"]
[WhiteClock "0:20:38"]
[BlackClock "0:36:59"]
[Variant "Standard"]
[EndDate "2026.08.06"]
[EndTime "18:23:16"]

1. d4 d5 2. c4 c6 3. Nf3 Nf6 4. Nc3 e6 5. Bg5 Be7 6. e3 Nbd7 7. Qc2 O-O 8. O-O-O a5 9. h4 dxc4 10. Bxc4 b5 11. Bd3 b4 12. Ne4 Ba6 13. Bxa6 Rxa6 14. Nc5 Nxc5 15. dxc5 Qa8 16. g4 a4 17. Qc4 Ra5 18. Kb1 Rxc5 19. Qf4 a3 20. b3 Nd5 21. Rxd5 e5 22. Rxe5 Bd6 23. Be7 Qa6 24. Qd4 Bxe5 25. Nxe5 Rd5 26. Qc4 Qxc4 27. Nxc4 Rb8 28. Kc2 Rd7 29. Bd6 Rbb7 30. Rd1 f6 31. Rd4 Kf7 32. Nd2 Rb5 33. Ne4 Rd5 34. Bc5 Rxd4 35. exd4 Ke6 36. Kd3 h6 37. Bxb4 Ra7 38. Bc5 Ra8 39. Ng3 g6 40. Ke4 h5 41. gxh5 gxh5 42. Nxh5 Rh8 43. Nf4+ Kf7 44. h5 Re8+ 45. Kf5 Re1 46. Bxa3 Ra1 47. Bc5 Rxa2 48. d5 cxd5 49. Nxd5 Rb2 50. b4 Rb3 51. f4 Rb1 52. Nxf6 Rh1 53. Kg5 Rh2 54. Ng4 Rg2 55. h6 Rg3 56. Bd4 Rh3 57. b5 Ke7 58. b6 Kd8 59. Kg6 Rg3 60. Bf6+ Kd7 61. h7 Rxg4+ 62. Bg5 Kc6 63. h8=Q Kxb6 64. Qd8+ Kc5 65. Qc8+ Kd4 66. Qxg4 Kd5 67. Qf5+ Kd4 68. Kf6 Kc3 69. Qd5 Kb4 70. Qc6 Kb3 71. Qc5 Ka4 72. Qb6 Ka3 73. Ke5 Ka4 74. Kd4 Ka3 75. Kc3 Ka2 76. Qb2# 1-0

[Event "Irish Championship 2026"]
[Site "Talbot Hotel Stillorgan, Co.Dublin, IE"]
[Date "2026.08.06"]
[Round "6"]
[White "Rai, Oleksii"]
[Black "Freeman, Gordon"]
[Result "0-1"]
[Board "73"]
[TimeControl "40/5400+30:1800+30"]
[WhiteFideId "2531526"]
[BlackFideId "2501309"]
[WhiteElo "1840"]
[BlackElo "2068"]
[BlackTitle "FM"]
[WhiteClock "0:39:38"]
[BlackClock "0:13:37"]
[Variant "Standard"]
[EndDate "2026.08.06"]
[EndTime "18:02:17"]

1. e4 c5 2. Nf3 d6 3. d4 cxd4 4. Nxd4 Nf6 5. Nc3 a6 6. f3 e5 7. Nb3 Be6 8. Be3 h5 9. Qd2 Nbd7 10. O-O-O Be7 11. Kb1 O-O 12. h3 Nb6 13. g4 h4 14. g5 Nh7 15. Rg1 Nc4 16. Bxc4 Bxc4 17. Qg2 Qc8 18. Bf2 g6 19. Bxh4 Re8 20. Nd5 Bxd5 21. Rxd5 Qe6 22. Nd2 Rac8 23. Nf1 Rc6 24. Ne3 Rec8 25. Rd2 Rc5 26. Nd5 Bd8 27. Rgd1 R8c6 28. Re2 a5 29. Bf2 Rb5 30. a4 Rb4 31. Nxb4 axb4 32. Rd5 Nxg5 33. Bh4 Nxe4 34. fxe4 Bxh4 35. Qg4 Qf6 36. Rd1 Bg5 37. b3 Rc3 38. Rg2 Be3 39. Qe2 Qh4 40. Qg4 Qf6 41. Re2 Bd4 42. Rh1 b5 43. Qd7 Qf3 44. Reh2 Rxb3+ 45. cxb3 Qxb3+ 46. Kc1 Be3+ 47. Rd2 Qc3+ 48. Kb1 Bxd2 0-1

[Event "Irish Championship 2026"]
[Site "Talbot Hotel Stillorgan, Co.Dublin, IE"]
[Date "2026.08.06"]
[Round "6"]
[White "Conor O'reilly"]
[Black "Ryan, Joshua"]
[Result "1/2-1/2"]
[Board "74"]
[TimeControl "40/5400+30:1800+30"]
[BlackFideId "2516705"]
[WhiteElo "2019"]
[BlackElo "1866"]
[WhiteClock "0:09:08"]
[BlackClock "0:19:46"]
[Variant "Standard"]
[EndDate "2026.08.06"]
[EndTime "17:14:14"]

1. e4 e5 2. Nf3 Nc6 3. Bb5 a6 4. Ba4 Nf6 5. d3 b5 6. Bb3 Bc5 7. a4 Rb8 8. axb5 axb5 9. O-O d6 10. Re1 O-O 11. h3 h6 12. Nc3 Be6 13. Bxe6 fxe6 14. Be3 Bxe3 15. Rxe3 Qe8 16. Ne2 Nh5 17. d4 exd4 18. Nexd4 Nxd4 19. Nxd4 Nf4 20. Ne2 Nxe2+ 21. Qxe2 Qd7 22. e5 d5 23. Rea3 c5 24. Ra7 Rb7 25. R7a6 Qf7 26. R1a3 Qe7 27. Rd6 Re8 28. Raa6 Qf7 29. Qg4 Rbe7 30. Rdc6 h5 31. Qe2 c4 32. Ra3 Qf4 33. c3 Rf7 34. Raa6 Qc1+ 35. Kh2 Qf4+ 36. Kg1 Qc1+ 37. Kh2 Qf4+ 38. Kg1 1/2-1/2

[Event "Irish Championship 2026"]
[Site "Talbot Hotel Stillorgan, Co.Dublin, IE"]
[Date "2026.08.06"]
[Round "6"]
[White "Landmark, Gabriel"]
[Black "John P. A. Kennedy"]
[Result "1-0"]
[Board "75"]
[TimeControl "40/5400+30:1800+30"]
[WhiteFideId "2524848"]
[WhiteElo "1999"]
[BlackElo "2012"]
[WhiteClock "0:11:57"]
[BlackClock "0:00:33"]
[Variant "Standard"]
[EndDate "2026.08.06"]
[EndTime "17:33:46"]

1. e4 c5 2. Nf3 d6 3. d4 cxd4 4. Nxd4 Nf6 5. Nc3 a6 6. f3 e5 7. Nb3 Be6 8. Be3 Be7 9. Qd2 O-O 10. O-O-O Nbd7 11. g4 Rc8 12. Kb1 b5 13. h4 Nb6 14. Bxb6 Qxb6 15. Nd5 Bxd5 16. exd5 Bd8 17. h5 a5 18. g5 a4 19. Nc1 Ne8 20. g6 Rc7 21. Bh3 Kh8 22. gxh7 a3 23. b3 Bf6 24. Qb4 Ra7 25. Qe4 Nc7 26. Nd3 Ra4 27. bxa4 Nxd5 28. Qxd5 bxa4+ 29. Kc1 Qe3+ 30. Rd2 Bg5 31. f4 Bf6 32. Bd7 e4 33. Re1 Bb2+ 34. Kd1 Qa7 35. Qxd6 Rd8 36. Ne5 Bxe5 37. Qxe5 Qb7 38. h6 f6 39. hxg7+ Kxh7 40. Rh1+ Kg8 41. Qe6+ 1-0

[Event "Irish Championship 2026"]
[Site "Talbot Hotel Stillorgan, Co.Dublin, IE"]
[Date "2026.08.06"]
[Round "6"]
[White "Stokes, Stephen"]
[Black "O'Connell, Gerard"]
[Result "0-1"]
[Board "76"]
[TimeControl "40/5400+30:1800+30"]
[WhiteFideId "2503530"]
[BlackFideId "2500493"]
[WhiteElo "1885"]
[BlackElo "1996"]
[WhiteClock "1:12:04"]
[BlackClock "0:40:55"]
[Variant "Standard"]
[EndDate "2026.08.06"]
[EndTime "15:41:35"]

1. d4 Nf6 2. c4 e6 3. Nf3 d5 4. g3 Be7 5. Bg2 O-O 6. O-O dxc4 7. Ne5 Nc6 8. Bxc6 bxc6 9. Nxc6 Qe8 10. Nxe7+ Qxe7 11. Qc2 c5 12. dxc5 Qxc5 13. Be3 Qc6 14. f3 e5 15. Nd2 Ba6 16. Rac1 Rfc8 17. Bf2 Qe6 18. Ne4 Nxe4 19. Qxe4 Rab8 20. Bxa7 Rxb2 21. Rc2 f5 22. Rxb2 fxe4 23. Rb6 Rc6 24. Rb8+ Bc8 25. fxe4 c3 26. Be3 h6 27. a4 Qc4 28. Bc1 Qxa4 0-1

[Event "Irish Championship 2026"]
[Site "Talbot Hotel Stillorgan, Co.Dublin, IE"]
[Date "2026.08.06"]
[Round "6"]
[White "Nichenametla V, Advaith"]
[Black "Fitzgerald, Niall"]
[Result "0-1"]
[Board "77"]
[TimeControl "40/5400+30:1800+30"]
[WhiteFideId "2516896"]
[BlackFideId "2511185"]
[WhiteElo "1943"]
[BlackElo "1894"]
[WhiteClock "0:00:54"]
[BlackClock "0:00:35"]
[Variant "Standard"]
[EndDate "2026.08.06"]
[EndTime "17:41:54"]

1. d4 d5 2. Nf3 Nf6 3. e3 e6 4. Bd3 Be7 5. O-O O-O 6. b3 c5 7. Bb2 Nbd7 8. Nbd2 b6 9. Ne5 Bb7 10. f4 Ne4 11. Rf3 Rc8 12. Rh3 Ndf6 13. Ndf3 cxd4 14. exd4 Rc7 15. Qe1 g6 16. Qe2 Nh5 17. Bc1 Qc8 18. g4 Ng7 19. Qe1 f6 20. Qh4 fxe5 21. Qxh7+ Kf7 22. Nxe5+ Ke8 23. Qxg7 Bf6 24. Qxg6+ Kd8 25. Ba3 Rg7 26. Qh5 Qc3 27. Rf1 Qxd4+ 28. Kg2 Rfg8 29. Nf7+ Kc7 30. Nh6 Rh8 31. Rff3 Nd2 32. Re3 Qxf4 33. Rxe6 d4+ 34. Kg1 Rxh6 0-1

[Event "Irish Championship 2026"]
[Site "Talbot Hotel Stillorgan, Co.Dublin, IE"]
[Date "2026.08.06"]
[Round "6"]
[White "Healy, John"]
[Black "Fox, Anthony"]
[Result "1-0"]
[Board "78"]
[TimeControl "40/5400+30:1800+30"]
[WhiteFideId "2500965"]
[BlackFideId "2500736"]
[WhiteElo "1928"]
[BlackElo "1876"]
[WhiteClock "0:33:24"]
[BlackClock "0:03:46"]
[Variant "Standard"]
[EndDate "2026.08.06"]
[EndTime "18:56:37"]

1. e4 e5 2. Nf3 Nc6 3. d4 exd4 4. Nxd4 Nf6 5. Nxc6 bxc6 6. Qe2 d6 7. Nc3 Be7 8. b3 O-O 9. Bb2 Be6 10. O-O-O Qc8 11. h3 Re8 12. f4 Bf8 13. g4 Nxe4 14. Nxe4 Bd5 15. Bg2 Bxe4 16. Bxe4 d5 17. Bxh7+ Kxh7 18. Qd3+ Kg8 19. f5 Qd7 20. g5 Qd6 21. Rdf1 Re4 22. h4 Rae8 23. Qf3 d4 24. Qh5 g6 25. fxg6 fxg6 26. Qf3 Qe6 27. a3 Bg7 28. Kb1 Qd5 29. Ka2 Rf8 30. Qh3 Rxf1 31. Rxf1 Qe6 32. Qf3 a5 33. h5 gxh5 34. Qxh5 a4 35. g6 axb3+ 36. cxb3 1-0

[Event "Irish Championship 2026"]
[Site "Talbot Hotel Stillorgan, Co.Dublin, IE"]
[Date "2026.08.06"]
[Round "6"]
[White "Heron, Lorcan"]
[Black "Dash, Shaurya"]
[Result "0-1"]
[Board "79"]
[TimeControl "40/5400+30:1800+30"]
[WhiteFideId "2529343"]
[BlackFideId "2534789"]
[WhiteElo "1926"]
[BlackElo "1751"]
[WhiteClock "0:20:16"]
[BlackClock "0:15:20"]
[Variant "Standard"]
[EndDate "2026.08.06"]
[EndTime "17:03:48"]

1. e4 c5 2. Nf3 d6 3. d4 cxd4 4. Nxd4 Nf6 5. Nc3 a6 6. Bg5 e6 7. f4 Be7 8. Qf3 h6 9. Bh4 Qc7 10. O-O-O Nbd7 11. Be2 Rb8 12. f5 e5 13. Ne6 fxe6 14. fxe6 Nb6 15. Bxf6 gxf6 16. Qh5+ Kd8 17. Bg4 Qc6 18. Qh3 Ra8 19. Qe3 f5 20. exf5 Bg5 21. Qxg5+ hxg5 22. Bf3 Qc7 23. Ne4 d5 24. Nxg5 Ke7 25. Rhf1 Kf6 26. Nf7 Rh7 27. g4 Rxf7 28. exf7 Kxf7 29. Bxd5+ Nxd5 30. Rxd5 Qc4 31. Rfd1 Qxg4 32. Rd8 Qxf5 0-1

[Event "Irish Championship 2026"]
[Site "Talbot Hotel Stillorgan, Co.Dublin, IE"]
[Date "2026.08.06"]
[Round "6"]
[White "Singhal, Vivaan"]
[Black "OBrien, James Joseph"]
[Result "1/2-1/2"]
[Board "80"]
[TimeControl "40/5400+30:1800+30"]
[WhiteFideId "2516721"]
[BlackFideId "2518813"]
[WhiteElo "1878"]
[BlackElo "1914"]
[WhiteClock "0:03:07"]
[BlackClock "0:16:16"]
[Variant "Standard"]
[EndDate "2026.08.06"]
[EndTime "17:26:07"]

1. d4 Nf6 2. Nf3 g6 3. c4 Bg7 4. e3 O-O 5. Be2 c6 6. O-O d5 7. Nbd2 Nbd7 8. b4 dxc4 9. Nxc4 Nd5 10. Qb3 N7b6 11. a4 h6 12. a5 Nxc4 13. Bxc4 Be6 14. e4 Nc7 15. Bf4 Bxc4 16. Qxc4 a6 17. Rac1 Nb5 18. Rfd1 e6 19. d5 exd5 20. exd5 cxd5 21. Rxd5 Qf6 22. Be5 Qe6 23. Bxg7 Rac8 24. Rc5 Qxc4 25. R1xc4 Rxc5 26. bxc5 Kxg7 27. c6 bxc6 28. Rxc6 Rd8 29. g3 Rd6 30. Rxd6 Nxd6 31. Ne5 Nb7 32. Nd3 Kf6 33. Nb4 Nc5 34. Kf1 Ke5 1/2-1/2

[Event "Irish Championship 2026"]
[Site "Talbot Hotel Stillorgan, Co.Dublin, IE"]
[Date "2026.08.06"]
[Round "6"]
[White "Moull, Arthur"]
[Black "Field, Lila Quinn"]
[Result "1-0"]
[Board "81"]
[TimeControl "40/5400+30:1800+30"]
[WhiteFideId "2517426"]
[BlackFideId "30941334"]
[WhiteElo "1876"]
[BlackElo "1898"]
[WhiteClock "0:27:55"]
[BlackClock "0:00:55"]
[Variant "Standard"]
[EndDate "2026.08.06"]
[EndTime "18:29:53"]

1. d4 d5 2. c4 e6 3. Nc3 Nf6 4. cxd5 exd5 5. Bg5 Be7 6. e3 h6 7. Bh4 c6 8. Bd3 O-O 9. Nge2 Ne8 10. Bg3 Nd6 11. O-O Re8 12. Qc2 Bf8 13. b4 Nd7 14. b5 Nb6 15. Rfe1 Bd7 16. bxc6 bxc6 17. Rac1 Rc8 18. Ba6 Ra8 19. Nf4 Bf5 20. Bd3 Bxd3 21. Nxd3 Ndc4 22. Na4 Qd7 23. Nac5 Bxc5 24. Nxc5 Qc8 25. h3 Nd7 26. Nd3 a5 27. Red1 Ra6 28. Qc3 Qa8 29. Rb1 Qa7 30. Kh2 Rb6 31. Rb3 a4 32. Rb4 Rxb4 33. Qxb4 Rc8 34. Rb1 Ndb6 35. Qc5 Qa8 36. Rxb6 Nxb6 37. Qxb6 a3 38. Nc5 Re8 39. Bd6 Rd8 40. Be5 Re8 41. Na6 Qd8 42. Qxc6 Re6 43. Qc7 Qa8 44. Nb4 Re8 45. Qc5 Qb7 46. Nxd5 Qb2 47. Ne7+ Kh7 48. Nf5 Qxa2 49. Nxg7 Ra8 50. Qc6 Qxf2 51. Qe4+ f5 52. Nxf5 h5 53. Ne7+ Kh6 54. Qg6# 1-0

[Event "Irish Championship 2026"]
[Site "Talbot Hotel Stillorgan, Co.Dublin, IE"]
[Date "2026.08.06"]
[Round "6"]
[White "Voogt, Declan"]
[Black "Burke, Kevin A."]
[Result "0-1"]
[Board "82"]
[TimeControl "40/5400+30:1800+30"]
[WhiteFideId "2517388"]
[BlackFideId "2501520"]
[WhiteElo "1849"]
[BlackElo "1896"]
[WhiteClock "1:00:25"]
[BlackClock "0:22:50"]
[Variant "Standard"]
[EndDate "2026.08.06"]
[EndTime "17:30:54"]

1. d4 e6 2. g3 f5 3. Bg2 Nf6 4. Qd3 d5 5. Bf4 c5 6. Nf3 c4 7. Qd1 Be7 8. O-O O-O 9. b3 b5 10. bxc4 bxc4 11. Nbd2 Nc6 12. c3 Bd7 13. Rb1 Rc8 14. Qc2 Nh5 15. Ne5 Nxf4 16. gxf4 Nxe5 17. dxe5 Qc7 18. Nf3 Rb8 19. Nd4 Ba3 20. f3 Rxb1 21. Rxb1 Rb8 22. e4 Rxb1+ 23. Qxb1 g6 24. Nc2 Bc5+ 25. Kf1 Qb6 26. Qxb6 Bxb6 27. exd5 exd5 28. Nb4 d4 29. Nd5 dxc3 30. Ke1 Ba5 31. Kd1 Be6 32. Ne3 Bb6 33. Nc2 Bc5 34. Bf1 Bd5 35. Be2 Kf7 36. h4 Kg7 37. Kc1 Kh6 38. Ne1 Be3+ 39. Kc2 Bxf4 40. Kxc3 Bxe5+ 41. Kc2 Bg3 42. Ng2 g5 43. Ne3 Be6 44. Nxc4 gxh4 45. Ne3 Kg5 46. Bf1 Kf4 0-1

[Event "Irish Championship 2026"]
[Site "Talbot Hotel Stillorgan, Co.Dublin, IE"]
[Date "2026.08.06"]
[Round "6"]
[White "Thomas Boby, Aiden"]
[Black "Lorigan, Maxim"]
[Result "0-1"]
[Board "83"]
[TimeControl "40/5400+30:1800+30"]
[WhiteFideId "2535688"]
[BlackFideId "2518198"]
[WhiteElo "1978"]
[BlackElo "1762"]
[WhiteClock "0:01:38"]
[BlackClock "0:07:29"]
[Variant "Standard"]
[EndDate "2026.08.06"]
[EndTime "19:09:10"]

1. e4 Nf6 2. e5 Nd5 3. c4 Nb6 4. d4 d6 5. f4 dxe5 6. fxe5 Nc6 7. Be3 Bf5 8. Nc3 e6 9. Nf3 Be7 10. Be2 O-O 11. O-O f6 12. exf6 Bxf6 13. Qd2 Qe7 14. Rad1 Rad8 15. Bf2 Rd7 16. Rfe1 Rfd8 17. d5 Qf7 18. Qc1 Ne7 19. dxe6 Bxe6 20. Ne4 Rxd1 21. Rxd1 Rxd1+ 22. Qxd1 Nc6 23. Nxf6+ Qxf6 24. b3 Bf5 25. Nd4 Nxd4 26. Bxd4 Qg5 27. Bxb6 axb6 28. Qd5+ Kf8 29. Qf3 Ke7 30. Qxb7 Qf4 31. Qf3 Qd4+ 32. Kf1 Be4 33. Qf2 Qa1+ 34. Qe1 Qe5 35. Bf3 Bd3+ 36. Kf2 Qxe1+ 37. Kxe1 Bb1 38. a3 Kd6 39. Kd2 c5 40. b4 Bf5 41. Bd5 Bd7 42. Ke3 Ke5 43. b5 Bf5 44. Kd2 Kd6 45. a4 Bg6 46. Bf3 Ke5 47. Kc3 Kd6 48. g4 h6 49. h4 Bh7 50. h5 Bb1 51. Bd5 Bh7 52. Bf3 Bb1 53. Kd2 Ke5 54. Kc3 Kd6 55. Be2 Be4 56. Bd3 Bf3 57. Bf5 Bd1 58. Bc2 Bxg4 59. Bg6 Bd1 60. Kd3 Ke5 61. Ke3 Bxa4 62. Bh7 Bd1 63. Bg6 Bg4 64. Bf7 Kf6 65. Be8 Be6 66. Kd3 Kg5 67. Bg6 Bg4 68. Ke4 Bxh5 69. Bf5 Bf7 70. Bd7 Bxc4 71. Ke5 Be2 72. Kd6 c4 0-1